SNL (28 & UNDER)
BLACKIRON DRAGONS @ KEY WEST BARRACUDAS
08/21/2025
 
TOP OF THE 1ST
BlackIron Dragons batting - Pitching for Key West Barracudas : RHP Cade Baird
Pitching: RHP Cade Baird
Batting: RHB José Colón 0-0: Called Strike
0-1: Fly out, F5 (Popup, 5SF)
Batting: RHB Boyd Pittman 0-0: Ball
1-0: Called Strike
1-1: SINGLE (Groundball, 4M)
Batting: RHB Gil Palmer 0-0: Called Strike
0-1: Ball
1-1: Swinging Strike
1-2: Strikes out swinging
Batting: LHB Culley Vaughan 0-0: Ball
Boyd Pittman is caught stealing 2nd base
Top of the 1st over - 0 run(s), 1 hit(s), 0 error(s), 0 left on base; BlackIron 0 - Key West 0
BOTTOM OF THE 1ST
Key West Barracudas batting - Pitching for BlackIron Dragons : RHP Víctor Ventura
Pitching: RHP Víctor Ventura
Batting: RHB Victor Baker 0-0: Ball
1-0: Hit by Pitch
Batting: RHB Carlos Bravo 0-0: Ball
1-0: Foul Ball, location: 2F
1-1: Ball
2-1: Ball
3-1: Called Strike
3-2: Foul Ball, location: 2F
3-2: Strikes out looking
Victor Baker steals 2nd base
Batter strikes out.
Batting: LHB Domingo Ledesma 0-0: Called Strike
Victor Baker steals 3rd base
0-1: Ball
Wild Pitch!
Victor Baker scores
1-1: Swinging Strike
1-2: Ball
2-2: Strikes out swinging
Batting: LHB Daniel Byrd 0-0: Ground out 5-3 (Groundball, 15S)
Bottom of the 1st over - 1 run(s), 0 hit(s), 0 error(s), 0 left on base; BlackIron 0 - Key West 1
TOP OF THE 2ND
BlackIron Dragons batting - Pitching for Key West Barracudas : RHP Cade Baird
Batting: LHB Culley Vaughan 0-0: Ball
1-0: Swinging Strike
1-1: Swinging Strike
1-2: Strikes out swinging
Batting: RHB Preston MacLyan 0-0: Called Strike
0-1: Called Strike
0-2: Strikes out swinging
Batting: RHB Frank Maxwell 0-0: Ball
1-0: Ball
2-0: Ball
3-0: Base on Balls
Batting: RHB Mark Arnold 0-0: Called Strike
0-1: Ball
1-1: Ball
2-1: Foul Ball, location: 2F
2-2: Ball
3-2: Ground out 6-3 (Groundball, 6M)
Top of the 2nd over - 0 run(s), 0 hit(s), 0 error(s), 1 left on base; BlackIron 0 - Key West 1
BOTTOM OF THE 2ND
Key West Barracudas batting - Pitching for BlackIron Dragons : RHP Víctor Ventura
Batting: RHB Dan Craft 0-0: Foul Ball, location: 2F
0-1: Ball
1-1: Fly out, F4 (Popup, 4MD)
Batting: LHB Víctor Acevedo 0-0: Ball
1-0: Ground out 6-3 (Groundball, 6MD)
Batting: RHB Carlos Miranda 0-0: Ball
1-0: Foul Ball, location: 2F
1-1: Swinging Strike
1-2: Foul Ball, location: 2F
1-2: Strikes out swinging
Bottom of the 2nd over - 0 run(s), 0 hit(s), 0 error(s), 0 left on base; BlackIron 0 - Key West 1
TOP OF THE 3RD
BlackIron Dragons batting - Pitching for Key West Barracudas : RHP Cade Baird
Batting: RHB Doug O'Brien 0-0: Ball
1-0: Swinging Strike
1-1: Ball
2-1: Foul Ball, location: 2F
2-2: Foul Ball, location: 2F
2-2: Foul Ball, location: 2F
2-2: Strikes out looking
Batting: RHB Eugene Payne 0-0: Ball
1-0: Foul Ball, location: 2F
1-1: Called Strike
1-2: Foul Ball, location: 2F
1-2: Strikes out swinging
Batting: RHB José Colón 0-0: Foul Ball, location: 2F
0-1: Ball
1-1: Ball
2-1: Ball
3-1: Ground out 5-3 (Groundball, 5)
Top of the 3rd over - 0 run(s), 0 hit(s), 0 error(s), 0 left on base; BlackIron 0 - Key West 1
BOTTOM OF THE 3RD
Key West Barracudas batting - Pitching for BlackIron Dragons : RHP Víctor Ventura
Batting: SHB Héctor Jiménez 0-0: Called Strike
0-1: Ball
1-1: Swinging Strike
1-2: Ball
2-2: Ball
3-2: Base on Balls
Batting: LHB Motoki Hirata 0-0: Ball
1-0: Called Strike
1-1: Fly out, F8 (Flyball, 78D)
Batting: RHB Victor Baker 0-0: Swinging Strike
0-1: Swinging Strike
0-2: Ball
1-2: Foul Ball, location: 2F
1-2: Ball
2-2: Ball
3-2: Strikes out swinging
Batting: RHB Carlos Bravo 0-0: Called Strike
0-1: Called Strike
0-2: Ball
1-2: Ball
2-2: Foul Ball, location: 2F
2-2: Ball
3-2: Strikes out swinging
Bottom of the 3rd over - 0 run(s), 0 hit(s), 0 error(s), 1 left on base; BlackIron 0 - Key West 1
TOP OF THE 4TH
BlackIron Dragons batting - Pitching for Key West Barracudas : RHP Cade Baird
Batting: RHB Boyd Pittman 0-0: Ball
1-0: Ball
2-0: Called Strike
2-1: Called Strike
2-2: Ball
3-2: SINGLE (Line Drive, 6)
Batting: RHB Gil Palmer 0-0: Called Strike
0-1: Ball
1-1: Ball
2-1: Foul Ball, location: 2F
2-2: Strikes out looking
Batting: LHB Culley Vaughan 0-0: Called Strike
0-1: Ball
1-1: Ball
2-1: Foul Ball, location: 2F
2-2: Strikes out swinging
Batting: RHB Preston MacLyan 0-0: Ball
1-0: Ball
2-0: SINGLE (Groundball, 4MD)
Boyd Pittman to second
Runner from 2nd tries for 3rd, SAFE, throw made to third
Batting: RHB Frank Maxwell 0-0: Ball
1-0: Swinging Strike
1-1: 3-RUN HOME RUN (Flyball, 7D), Distance : 409 ft
Batting: RHB Mark Arnold 0-0: Foul Ball, location: 2F
0-1: Ball
1-1: Swinging Strike
1-2: Foul Ball, location: 2F
1-2: Ball
2-2: Ground out 6-3 (Groundball, 6)
Top of the 4th over - 3 run(s), 3 hit(s), 0 error(s), 0 left on base; BlackIron 3 - Key West 1
BOTTOM OF THE 4TH
Key West Barracudas batting - Pitching for BlackIron Dragons : RHP Víctor Ventura
Batting: LHB Domingo Ledesma 0-0: Ball
1-0: Swinging Strike
1-1: Swinging Strike
1-2: Strikes out swinging
Batting: LHB Daniel Byrd 0-0: Ball
1-0: Called Strike
1-1: Ball
2-1: Ball
3-1: Base on Balls
Batting: RHB Dan Craft 0-0: Called Strike
0-1: Ball
1-1: Grounds into double play, 1-6-3 (Groundball, 13S)
Bottom of the 4th over - 0 run(s), 0 hit(s), 0 error(s), 0 left on base; BlackIron 3 - Key West 1
TOP OF THE 5TH
BlackIron Dragons batting - Pitching for Key West Barracudas : RHP Cade Baird
Batting: RHB Doug O'Brien 0-0: Ball
1-0: Foul Ball, location: 2F
1-1: Swinging Strike
1-2: Strikes out swinging
Batting: RHB Eugene Payne 0-0: Ball
1-0: SINGLE (Groundball, 4MD)
Batting: RHB José Colón 0-0: Called Strike
0-1: Ball
1-1: Ball
2-1: Fly out, F8 (Flyball, 8RM)
Batting: RHB Boyd Pittman 0-0: Ball
1-0: Foul Ball, location: 2F
1-1: Fly out, F8 (Flyball, 8RM)
Top of the 5th over - 0 run(s), 1 hit(s), 0 error(s), 1 left on base; BlackIron 3 - Key West 1
BOTTOM OF THE 5TH
Key West Barracudas batting - Pitching for BlackIron Dragons : RHP Víctor Ventura
Batting: LHB Víctor Acevedo 0-0: Ball
1-0: Swinging Strike
1-1: Ball
2-1: Ground out 5-3 (Groundball, 56)
Batting: RHB Carlos Miranda 0-0: Ball
1-0: Swinging Strike
1-1: Called Strike
1-2: Strikes out looking
Batting: SHB Héctor Jiménez 0-0: Called Strike
0-1: Ball
1-1: Fly out, F6 (Popup, 5D)
Bottom of the 5th over - 0 run(s), 0 hit(s), 0 error(s), 0 left on base; BlackIron 3 - Key West 1
TOP OF THE 6TH
BlackIron Dragons batting - Pitching for Key West Barracudas : RHP Cade Baird
Pitching: RHP Gerald Núñez
Batting: RHB Gil Palmer 0-0: Called Strike
0-1: Ground out 3-1 (Groundball, 34)
Batting: LHB Culley Vaughan 0-0: Foul Ball, location: 2F
0-1: Called Strike
0-2: Strikes out looking
Batting: RHB Preston MacLyan 0-0: Ball
1-0: Called Strike
1-1: Foul Ball, location: 2F
1-2: Strikes out swinging
Top of the 6th over - 0 run(s), 0 hit(s), 0 error(s), 0 left on base; BlackIron 3 - Key West 1
BOTTOM OF THE 6TH
Key West Barracudas batting - Pitching for BlackIron Dragons : RHP Víctor Ventura
Batting: LHB Motoki Hirata 0-0: Ball
1-0: SINGLE (Line Drive, 4M)
Batting: RHB Victor Baker 0-0: Ball
1-0: Called Strike
1-1: Ball
2-1: Ball
3-1: Fly out, F8 (Flyball, 78M)
Batting: RHB Carlos Bravo 0-0: Ball
1-0: Called Strike
1-1: Ball
2-1: Fly out, F4 (Popup, 4D)
Batting: LHB Domingo Ledesma 0-0: Fly out, F9 (Flyball, 89M)
Bottom of the 6th over - 0 run(s), 1 hit(s), 0 error(s), 1 left on base; BlackIron 3 - Key West 1
TOP OF THE 7TH
BlackIron Dragons batting - Pitching for Key West Barracudas : RHP Gerald Núñez
Batting: RHB Frank Maxwell 0-0: Ball
1-0: Ball
2-0: Called Strike
2-1: Foul Ball, location: 2F
2-2: Strikes out swinging
Batting: RHB Mark Arnold 0-0: Ball
1-0: Ground out 5-3 (Groundball, 56)
Batting: RHB Doug O'Brien 0-0: Called Strike
0-1: Ball
1-1: Foul Ball, location: 2F
1-2: Foul Ball, location: 2F
1-2: SOLO HOME RUN (Flyball, 7D), Distance : 390 ft
Batting: RHB Eugene Payne 0-0: Ball
1-0: Ball
2-0: Fly out, F8 (Flyball, 8RS)
Top of the 7th over - 1 run(s), 1 hit(s), 0 error(s), 0 left on base; BlackIron 4 - Key West 1
BOTTOM OF THE 7TH
Key West Barracudas batting - Pitching for BlackIron Dragons : RHP Víctor Ventura
Batting: LHB Daniel Byrd 0-0: Called Strike
0-1: Swinging Strike
0-2: Strikes out swinging
Batting: RHB Dan Craft 0-0: Swinging Strike
0-1: Called Strike
0-2: Strikes out swinging
Batting: LHB Víctor Acevedo 0-0: Ball
1-0: Ball
2-0: Ball
3-0: Base on Balls
Batting: RHB Carlos Miranda 0-0: Called Strike
0-1: Called Strike
0-2: Ball
Wild Pitch!
Víctor Acevedo to second
1-2: SINGLE (Groundball, 6MD)
Víctor Acevedo to third
Runner from 3rd tries for Home, SAFE, no throw or cutoff
Pitching: RHP Bret McJannett
Batting: SHB Héctor Jiménez 0-0: Called Strike
0-1: Ball
1-1: Foul Ball, location: 2F
1-2: Strikes out looking
Bottom of the 7th over - 1 run(s), 1 hit(s), 0 error(s), 1 left on base; BlackIron 4 - Key West 2
TOP OF THE 8TH
BlackIron Dragons batting - Pitching for Key West Barracudas : RHP Gerald Núñez
Pitching: RHP Gabe Lewis
Batting: RHB José Colón 0-0: Ball
1-0: Called Strike
1-1: Foul Ball, location: 2F
1-2: Ground out 5-3 (Groundball, 5S)
Batting: RHB Boyd Pittman 0-0: Ball
1-0: Swinging Strike
1-1: Foul Ball, location: 2F
1-2: Foul Ball, location: 2F
1-2: Ball
2-2: Strikes out swinging
Batting: RHB Gil Palmer 0-0: Ball
1-0: Foul Ball, location: 2F
1-1: Ball
2-1: Fly out, F7 (Flyball, 7M)
Top of the 8th over - 0 run(s), 0 hit(s), 0 error(s), 0 left on base; BlackIron 4 - Key West 2
BOTTOM OF THE 8TH
Key West Barracudas batting - Pitching for BlackIron Dragons : RHP Bret McJannett
Batting: LHB Motoki Hirata 0-0: SINGLE (Line Drive, 4MD)
Pitching: RHP Júlio Torres
Batting: RHB Victor Baker 0-0: Grounds into double play, 6-4-3 (Groundball, 6)
Batting: RHB Carlos Bravo 0-0: Ground out 5-3 (Groundball, 5S)
Bottom of the 8th over - 0 run(s), 1 hit(s), 0 error(s), 0 left on base; BlackIron 4 - Key West 2
TOP OF THE 9TH
BlackIron Dragons batting - Pitching for Key West Barracudas : RHP Gabe Lewis
Batting: LHB Culley Vaughan 0-0: Ball
1-0: Ball
2-0: Ball
3-0: Called Strike
3-1: Fly out, F9 (Popup, 9M)
Batting: RHB Preston MacLyan 0-0: SINGLE (Line Drive, 56D)
Batting: RHB Frank Maxwell 0-0: Ball
1-0: Called Strike
1-1: Called Strike
1-2: Ball
2-2: Ball
Preston MacLyan steals 2nd base
3-2: Intentional Walk
Batting: RHB Mark Arnold 0-0: Ball
1-0: Foul Ball, location: 2F
1-1: Called Strike
Preston MacLyan is caught stealing 3rd base
Frank Maxwell to second
1-2: Strikes out swinging
Top of the 9th over - 0 run(s), 1 hit(s), 0 error(s), 1 left on base; BlackIron 4 - Key West 2
BOTTOM OF THE 9TH
Key West Barracudas batting - Pitching for BlackIron Dragons : RHP Júlio Torres
Pitching: RHP Clayton Hawkins
Batting: LHB Domingo Ledesma 0-0: Foul Ball, location: 2F
0-1: Ball
1-1: Fly out, F2 (Popup, 2LF)
Batting: LHB Daniel Byrd 0-0: Called Strike
0-1: Ball
1-1: Ball
2-1: Ground out 6-3 (Groundball, 56D)
Batting: RHB Dan Craft 0-0: Ball
1-0: Foul Ball, location: 2F
1-1: Foul Ball, location: 2F
1-2: Fly out, F9 (Flyball, 9M)
Bottom of the 9th over - 0 run(s), 0 hit(s), 0 error(s), 0 left on base; BlackIron 4 - Key West 2
This league is powered by Out of the Park Baseball, the baseball management simulation game for PC, Mac and Linux
Tuesday, August 2nd, 2016 - OOTP Baseball 16.8 Build 38